 Dungeon Crawl Stone Soup version 0.30-a0-269-gf0224bf7b6 (webtiles) character file.

Game seed: 1647183107056792237

165 grindst0ne the Shield-Bearer (level 5, -6/38 (49) HPs)
             Began as an Armataur Fighter on Oct 14, 2022.
             Mangled by a wight
             ... wielding a +5 scimitar
              (12 damage)
             ... on level 3 of the Dungeon.
             The game lasted 00:03:21 (2526 turns).

grindst0ne the Shield-Bearer (Armataur Fighter)     Turns: 2526, Time: 00:03:21

HP:   -6/38 (49)    AC:  8    Str: 21    XL:     5   Next: 22%
MP:   5/5           EV:  8    Int:  8    God:
Gold: 187           SH:  5    Dex: 12    Spells: 4/4 levels left

rFire   . . .      SeeInvis .    a - +0 long sword
rCold   + . .      Faith    .    c - +0 buckler
rNeg    . . .      Spirit   .    m - +2 leather armour {rC+}
rPois   .          Reflect  .    f - +0 helmet
rElec   .          Harm     .    (no cloak)
rCorr   .          Roll     +    (no gloves)
Will    .....                    (no barding)
Stlth   +.........               (no amulet)
HPRegen 0.26/turn                (no ring)
MPRegen 0.09/turn                (no ring)

@: heavily drained
A: large, rugged brown scales 3, deformed body, armoured tail, roll, long
tongue, awkward tongue
a: no special abilities


You were on level 3 of the Dungeon.
You visited 1 branch of the dungeon, and saw 4 of its levels.

You collected 187 gold pieces.

Inventory:

Hand Weapons
 a - a +0 long sword (weapon)
Armour
 c - a +0 buckler (worn)
 f - a +0 helmet (worn)
 m - a +2 leather armour of cold resistance (worn)
Scrolls
 b - a scroll of torment {unknown}
 e - 4 scrolls of identify {unknown}
 i - a scroll of enchant armour {unknown}
 l - a scroll of blinking {unknown}
 o - 2 scrolls of vulnerability {unknown}
 p - 2 scrolls of teleportation {unknown}
Potions
 d - 4 potions of might
 g - 7 potions of curing {unknown}
 h - 2 potions of flight {unknown}
 j - a potion of resistance {unknown}
 k - a potion of heal wounds {unknown}
 n - a potion of haste {unknown}
 q - 2 potions of lignification {unknown}
 r - a potion of mutation {unknown}


   Skills:
 + Level 3.8 Fighting
 + Level 3.2 Long Blades
 - Level 3.6 Armour
 + Level 4.6 Shields


You had 4 spell levels left.
You didn't know any spells.
Your spell library contained the following spells:

 Spells                   Type           Power      Damage    Failure   Level
 Blink                    Tloc           0%         N/A       67%         2
 Inner Flame              Hex/Fire       0%         N/A       88%         3
 Airstrike                Air            0%         2d(0-16)  99%         4
 Flame Wave               Conj/Fire      0%         2d4       99%         4
 Manifold Assault         Tloc           0%         N/A       99%         4
 Sticky Flame             Conj/Fire      0%         2d3       99%         4
 Summon Lightning Spire   Summ/Air       0%         N/A       99%         4
 Lightning Bolt           Conj/Air       0%         1d11      100%        5
 Storm Form               Tmut/Air       0%         N/A       100%        7


Dungeon Overview and Level Annotations

Branches:
Dungeon (4/15)             Temple (0/1) D:4

Altars:
Hepliaklqana

Annotations:
D:3 exclusion: downstairs
D:4 Natasha


Innate Abilities, Weirdness & Mutations

You are completely covered in rugged brown scales. (AC +3, +7% HP)
Armour fits poorly on your strangely shaped body.
You have a long armoured tail.
You roll when moving toward enemies. (Rampage)
Your long tongue fully drains potion bottles. (2x potion effects)
Your tongue gives you trouble enunciating. (1.5x scroll delay)


Message History

You climb downwards.
Level annotation: Natasha The wight hits you with a +5 scimitar!
The wight hits you with a +5 scimitar.
There is a stone staircase leading up, spattered with blood here.
You can't go down here!
You hit the wight. You tail-slap the wight.
The wight is severely damaged.
The wight hits you with a +5 scimitar!
You feel drained.
You barely miss the wight.
The wight is severely damaged.
The wight barely misses you.
You climb upwards.
Level annotation: exclusion: downstairs
There is a stone staircase leading down here.
You start resting.
HP restored.
There is a stone staircase leading down here.
You climb downwards.
Level annotation: Natasha The wight hits you with a +5 scimitar.
You feel drained.
The wight hits you with a +0 dire flail.
The wight hits you with a +5 scimitar!
You feel drained.
There is a stone staircase leading up, spattered with blood here.
You slash the wight!
The wight is severely damaged.
You block the wight's attack. x2
The wight hits you with a +5 scimitar.
You feel drained.
The wight hits you with a +0 dire flail!
* * * LOW HITPOINT WARNING * * *
You feel drained.
* * * LOW HITPOINT WARNING * * *
You climb upwards.
Level annotation: exclusion: downstairs
There is a stone staircase leading down here.
You hit the wight but do no damage.
The wight is severely damaged.
The wight hits you with a +0 dire flail.
* * * LOW HITPOINT WARNING * * *
You feel drained. The wight hits you with a +5 scimitar!
You die...

.#.#.## #..####.# ...##.##
#.......# ....##.# ##.######
....#.## #.# ##### .#)..##
#.########## ##.>.##
.....######.##.......####.###.#
##..........##..####.##...# #.#
.....#########..####.##.#.###.#
##.### #...@z......##...## #.#
#..z#..#.######.##### ##.##
#.<.#..#.# #...... #...#
#........# ######. #...#
#.############# #. #.<.#
#####..##..'...# #. #...#####
#..........#...# #.
........####..........##††#
####.
...........##)####'#####..#
#....


You could see 2 wights.

Vanquished Creatures
  A jelly (D:3)
  4 adders
  2 worms (D:2)
  4 dart slugs
  An orc (D:3)
  4 endoplasms
  2 giant cockroaches
  9 goblins
  10 hobgoblins
  6 jackals
  A quokka (D:2)
  7 ball pythons
  6 bats
  5 frilled lizards
  11 kobolds
  5 rats (D:2)
78 creatures vanquished.

Vanquished Creatures (others)
  3 fungi (D:2)
  2 plants (D:3)
5 creatures vanquished.

Grand Total: 83 creatures vanquished

Notes
Turn   | Place    | Note
-------+----------+-------------------------------------------
     0 | D:1      | grindst0ne the Armataur Fighter began the quest for the
                  | Orb.
     0 | D:1      | Reached XP level 1. HP: 19/19 MP: 1/1
   117 | D:1      | Reached XP level 2. HP: 20/26 MP: 2/2
   225 | D:1      | Found a faded altar of an unknown god.
   578 | D:1      | Reached XP level 3. HP: 32/33 MP: 3/3
  1037 | D:2      | Reached skill level 4 in Shields
  1226 | D:2      | Reached XP level 4. HP: 37/40 MP: 4/4
  1505 | D:3      | Found a hazy altar of Hepliaklqana.
  2080 | D:4      | Noticed Natasha
  2080 | D:4      | Noticed an ogre
  2122 | D:4      | Found a staircase to the Ecumenical Temple.
  2141 | D:3      | Reached XP level 5. HP: 41/49 MP: 5/5
  2526 | D:3      | Mangled by a wight

Illustrated notes

Levels and vault maps discovered:
D:1:      kennysheep_arrival_forest, layout_loops_cross,
          hellmonk_ecumenical_altar_leap_of_faith, minmay_quantized
D:2:      layout_basic, dreamdust_mushroom_princess, minmay_circle_x
D:3:      minmay_chambers_of_twos, layout_loops_cross,
          nicolae_hepliaklqana_hazy_memory, minmay_close_crescents
D:4:      layout_rooms, minmay_temple_entry_purple_smoke, grunt_ministairs_10,
          kennysheep_donut, uniq_natasha

Skill      XL: |  1  2  3  4 |
---------------+-------------+-----
Long Blades    | 2 3 |  3.2
Fighting       | 3 |  3.8
Shields        | 4 |  4.6
Armour         | |  3.6

Action                   |  1- 3 |  4- 6 || total
-------------------------+-------+-------++-------
Melee: Long sword        |   142 |   118 ||   260
       Tailslap          |    12 |    14 ||    26
Armor: Scale mail        |    85 |       ||    85
       Leather armour    |    24 |    56 ||    80
Dodge: Dodged            |    51 |    54 ||   105
Block: Buckler           |    43 |    33 ||    76

Table legend: (Time is in decaauts)
 A = Elapsed time spent in this place.
 B = Non-inter-level travel time spent in this place.
 C = Inter-level travel time spent in this place.
 D = Time resting spent in this place.
 E = Time spent auto-exploring this place.
 F = Levels seen in this place.
 G = Mean time per level.
                   A        B        C        D        E       F      G
               +--------+--------+--------+--------+--------+-----+--------+
         Total |   2605 |   2480 |    125 |     67 |   1739 |   4 |  651.2 |
       Dungeon |   2605 |   2480 |    125 |     67 |   1739 |   4 |  651.2 |
               +--------+--------+--------+--------+--------+-----+--------+

Top non-repeatable levels by time:
     D:3: 1036 daAuts
     D:1: 954 daAuts
     D:2: 594 daAuts
     D:4: 19 daAuts
